[Event "USA-ch Women 2024"]
[Site "Saint Louis"]
[Date "2024.10.23"]
[Round "10.1"]
[White "Lee, Megan"]
[Black "Cervantes Landeiro, Thalia"]
[Result "0-1"]
[ECO "B32"]
[WhiteElo "2253"]
[BlackElo "2302"]
[Annotator "RC"]
[PlyCount "84"]
[EventDate "2024.10.09"]
[EventType "tourn"]
[EventCountry "USA"]
[SourceTitle "playchess.com"]
[Source "ChessBase"]
[SourceQuality "1"]
[TimeControl "40/5400+30:1800+30"]

1. e4 c5 2. Nf3 Nc6 3. d4 cxd4 4. Nxd4 e5 5. Nb5 d6 6. N1c3 a6 7. Na3 Be7 8. Nd5 Nf6 9. Nxf6+ Bxf6 10. Nc4 O-O 11. Nxd6 Be6 12. c3 Qc7 13. Nf5 Bxf5 14. exf5 e4 15. Be2 Qa5 16. O-O Qxf5 17. Bg4 Qa5 18. Qc2 Rfe8 19. Bd7 Re7 20. Bxc6 bxc6 21. Re1 Rae8 22. Be3 Be5 23. b4 Qc7 24. h3 f5 25. Bc5 Re6 26. Qb3 Qf7 27. Rad1 Bb8 28. Qc4 h5 29. Rd4 Kh7 30. Bd6 Ba7 31. Bc5 Bxc5 32. Qxc5 Qg6 33. Kh2 f4 34. Rdd1 e3 35. f3 e2 36. Rc1 Re3 37. Kh1 R8e5 38. Qc4 Qg3 39. Qxa6 Qf2 40. h4 Rxf3 41. Qxc6 Qxe1+ 42. Rxe1 Rf1+ 0-1

[Event "USA-ch Women 2024"]
[Site "Saint Louis"]
[Date "2024.10.23"]
[Round "10.2"]
[White "Lee, Alice"]
[Black "Tokhirjonova, Gulrukhbegim"]
[Result "1-0"]
[ECO "D07"]
[WhiteElo "2395"]
[BlackElo "2374"]
[Annotator "RC"]
[PlyCount "131"]
[EventDate "2024.10.09"]
[EventType "tourn"]
[EventCountry "USA"]
[SourceTitle "playchess.com"]
[Source "ChessBase"]
[SourceQuality "1"]
[TimeControl "40/5400+30:1800+30"]

1. d4 d5 2. c4 Nc6 3. Nf3 Bg4 4. Nc3 e6 5. Bg5 Be7 6. Bxe7 Ngxe7 7. e3 O-O 8. Be2 dxc4 9. Bxc4 e5 10. d5 Nb8 11. h3 Bxf3 12. Qxf3 Nc8 13. Bd3 Nd7 14. O-O Nd6 15. e4 a6 16. Rac1 Rc8 17. Rc2 c5 18. dxc6 Rxc6 19. Rd1 Nc5 20. Qg3 Qe8 21. Rcd2 Qe6 22. Qe3 h6 23. Be2 Nc4 24. Bxc4 Qxc4 25. Rd5 Re8 26. Rd8 Rxd8 27. Rxd8+ Kh7 28. Rd5 Na4 29. Nxa4 Qxa4 30. a3 Qc2 31. Rxe5 Qxb2 32. Re7 Qc1+ 33. Qxc1 Rxc1+ 34. Kh2 f6 35. Rxb7 Rc3 36. Ra7 Rxa3 37. g4 a5 38. h4 h5 39. g5 fxg5 40. hxg5 Kg6 41. f4 h4 42. f5+ Kxg5 43. Rxg7+ Kf4 44. f6 Kxe4 45. Rg4+ Ke5 46. Rf4 Kxf4 47. f7 Kg4 48. f8=Q Rg3 49. Qc8+ Kh5 50. Qe8+ Kg4 51. Qa4+ Kh5 52. Qxa5+ Kg6 53. Qd8 Kh5 54. Qe8+ Kg5 55. Qe4 Kh5 56. Qf4 Rg5 57. Qf7+ Kg4 58. Qc4+ Kh5 59. Qe2+ Kg6 60. Kh3 Rh5 61. Qe6+ Kg7 62. Kg4 Rh6 63. Qe7+ Kg6 64. Qe8+ Kf6 65. Qf8+ Kg6 66. Qg8+ 1-0

[Event "USA-ch Women 2024"]
[Site "Saint Louis"]
[Date "2024.10.23"]
[Round "10.3"]
[White "Abrahamyan, Tatev"]
[Black "Krush, Irina"]
[Result "0-1"]
[ECO "B43"]
[WhiteElo "2327"]
[BlackElo "2388"]
[Annotator "TA"]
[PlyCount "134"]
[EventDate "2024.10.09"]
[EventType "tourn"]
[EventCountry "USA"]
[SourceTitle "playchess.com"]
[Source "ChessBase"]
[SourceQuality "1"]
[TimeControl "40/5400+30:1800+30"]

1. e4 c5 2. Nf3 e6 3. d4 cxd4 4. Nxd4 a6 5. Nc3 Qc7 6. Bd3 Bc5 7. Nb3 {[%emt 0:03:16] B43: Sicilian: Kan Variation: 5 Nc3.} Ba7 8. Qg4 Kf8 9. Bf4 d6 10. Qe2 Ne7 $146 ({Predecessor:} 10... Nc6 11. O-O-O Nge7 12. Bg3 e5 13. f4 Be6 14. Rhf1 b5 15. fxe5 dxe5 16. Nd5 Bxd5 17. exd5 Nxd5 {1-0 Edelman,D (2415)-Telljohann,S (2370) Sportland NRW-Cup 1993 (3)}) 11. O-O-O e5 12. Bg3 h5 13. h4 Be6 14. Qd2 Nbc6 15. Rhf1 Nb4 16. f4 Nxd3+ 17. cxd3 Nc6 18. Kb1 f6 19. Nd5 Qf7 20. Nb4 a5 21. Nxc6 bxc6 22. fxe5 dxe5 23. Bxe5 a4 24. Nc1 Kg8 25. Bc3 Rh6 26. d4 Bc4 27. Rf5 Re8 28. Qc2 Rg6 29. Qxa4 Rxg2 30. Qxc6 Be6 31. Ra5 Bb8 32. Ra8 Bd7 33. Qb7 Bg3 (33... Bg4 $15 34. Qxf7+ Kxf7 35. Rf1) 34. Ra7 (34. Nd3 $14 {deserves consideration.}) 34... Be6 $11 35. Qc6 Qg6 $1 36. Ka1 $1 Bg4 37. e5 Rf2 (37... Rxb2 $2 38. Bxb2 Bxd1 39. exf6 gxf6 40. d5 $18) ({Better is} 37... Rc2 $14 38. Rf1 Bxh4) 38. Rg1 $16 Bxh4 (38... Bh2 $16 {is a better defense.} 39. Rg2 Rxg2 40. Qxg2 Bf4 41. exf6 gxf6) 39. d5 $2 (39. Nd3 $18 Rf5 40. Bd2) 39... Rf8 $2 (39... Kh7 $1 $11 {and Black stays safe.}) 40. e6 $18 Rc2 (40... Kh7 $142 41. d6 Rc2) 41. e7 $18 Re8 42. Nd3 Kh7 43. Nf4 Qe4 44. Qxe8 Qxf4 45. a3 Rxc3 46. bxc3 Qe3 47. Qc6 $4 (47. Rxg4 Qc1+ 48. Ka2 Qc2+ 49. Ka1 Qxc3+ (49... Qc1+ 50. Ka2 $11) 50. Kb1 Qb3+ 51. Ka1 Qc3+ 52. Kb1 Qb3+ 53. Ka1 Qc3+ $11) (47. Qb8 $18 Qxc3+ 48. Qb2) 47... Qxg1+ $19 48. Kb2 Bf5 $2 ({Black should try} 48... Qg2+ $19 49. Kb3 Bd1+ 50. Kb4 Qb2+ 51. Kc5 Qxc3+ 52. Kb6 Bf2+ (52... Qe3+ 53. Qc5 $11) 53. Kb7 Qe3) 49. Kb3 $1 $11 Qb1+ (49... Bg6 $1 $11 {remains equal.} 50. e8=Q (50. e8=R $2 {too greedy.} Qxa7 51. Rd8 Qf2 $19) 50... Qb1+ (50... Bxe8 51. Qxe8 Qb1+ 52. Kc4 $11) 51. Ka4 Qc2+ 52. Kb4 Qb2+ 53. Ka4 (53. Kc4 Qa2+ 54. Kc5 Qf2+ 55. Kb5 Qb2+ 56. Kc4 Qa2+ 57. Kb4 Qb2+ 58. Kc4 $11) 53... Qc2+ 54. Kb4 Bxe8 55. Qxe8 Qb2+ 56. Ka4 Qc2+ 57. Kb4 Qb2+ 58. Kc4 (58. Ka4 Qc2+ 59. Kb4 $11) 58... Qa2+ 59. Kb4 Qb2+) 50. Ka4 $16 Qe4+ {[%emt 0:01:17] [#]} 51. Ka5 $1 Bg6 52. Ra8 $2 (52. Qd7 $16 Kh6 53. Ra8) 52... Qxe7 $19 53. a4 Be1 54. Qc8 Kh6 55. Ka6 Bd3+ 56. c4 Qb4 (56... Qd6+ $142 57. Qc6 Bxc4+ 58. Kb6 Bf2+ (58... Qxd5 $2 59. Rh8+ Kg5 60. Qxd5+ Bxd5 61. Re8 $19) 59. Ka5 Qf4 (59... Qxd5+ $2 60. Qxd5 Bxd5 61. Rc8 $19) 60. Rh8+ Kg5 61. Kb4 Bxd5+ 62. Kb5 Bxc6+ 63. Kxc6 Qxa4+ 64. Kd6 Qa6+ 65. Kd7 Qb5+ 66. Kd6 Kg6 67. Rg8 Bg3+ 68. Ke7 Qb7+ 69. Ke8 Bd6 (69... Qf7+ {is a self mate.} 70. Kd8 Bd6 71. Rxg7+ Kxg7 72. Kc8 Qc7#) 70. Rxg7+ Kxg7 (70... Qxg7 $2 71. Kd8 Qe7+ 72. Kc8 Qc7#) 71. Kd8 Qe7+ 72. Kc8 Qc7#) 57. Qh8+ $19 Bh7 58. Qc8 Qxa4+ 59. Kb7 Qb4+ 60. Ka6 Qa4+ 61. Kb7 $1 Qb4+ 62. Ka6 Bf2 63. Qc7 Bd3 64. Qf4+ Kh7 65. Qxf2 Bxc4+ 66. Ka7 Qa5+ ({Stronger than} 66... Bxd5 67. Qf5+ g6 68. Qxd5 $16) 67. Kb8 Qd8+ 0-1

[Event "USA-ch Women 2024"]
[Site "Saint Louis"]
[Date "2024.10.23"]
[Round "10.4"]
[White "Zatonskih, Anna"]
[Black "Yip, Carissa"]
[Result "1-0"]
[ECO "B07"]
[WhiteElo "2312"]
[BlackElo "2418"]
[Annotator "RC"]
[PlyCount "151"]
[EventDate "2024.10.09"]
[EventType "tourn"]
[EventCountry "USA"]
[SourceTitle "playchess.com"]
[Source "ChessBase"]
[SourceQuality "1"]
[TimeControl "40/5400+30:1800+30"]

1. d4 Nf6 2. Nf3 g6 3. Nbd2 Bg7 4. e4 d6 5. Bb5+ Nfd7 6. c3 O-O 7. O-O c5 8. Re1 Nc6 9. d5 Nce5 10. Ng5 h6 11. Nh3 Nb6 12. Nf4 c4 13. h3 f5 14. b3 g5 15. Nh5 Bh8 16. exf5 Bxf5 17. Ng3 Bg6 18. Nde4 a6 19. Bxc4 Nbxc4 20. bxc4 Nxc4 21. h4 Qb6 22. hxg5 h5 23. Qe2 Rac8 24. a4 h4 25. Nh1 h3 26. Be3 Qa5 27. Bd4 Bxd4 28. cxd4 Qxd5 29. Nhg3 Qxd4 30. Qg4 Qd5 31. Qxh3 Qf7 32. Re2 d5 33. Nd2 Bd3 34. g6 Bxg6 35. Nf3 e5 36. Nxe5 Nxe5 37. Rxe5 Qxf2+ 38. Kh2 Rc7 39. Qe6+ Kg7 40. Rf1 Rh8+ 41. Rh5 Qxg3+ 42. Kxg3 Rxh5 43. Qd6 Rc3+ 44. Rf3 Rxf3+ 45. gxf3 Rf5 46. Qd7+ Rf7 47. Qxd5 Kh7 48. a5 Kh6 49. Kg4 Rg7 50. Qd2+ Kh7 51. Kh4 Rf7 52. Kg3 Kg7 53. Kg4 Kh7 54. Qh2+ Kg7 55. Qe5+ Kh6 56. Qh8+ Bh7 57. f4 Rg7+ 58. Kf3 Rf7 59. Kg3 Rg7+ 60. Kf2 Rf7 61. Kf3 Rf5 62. Qd8 Bg6 63. Qh8+ Bh7 64. Kg4 Rf7 65. Qc3 Bf5+ 66. Kh4 Kg6 67. Qg3+ Kh7 68. Qb3 Kg7 69. Kg5 Bh7 70. Qc3+ Kg8 71. Qc4 Kf8 72. Qc5+ Kg8 73. Qd5 Kg7 74. Qe5+ Kg8 75. Kh6 Bd3 76. Qg5+ 1-0

[Event "USA-ch Women 2024"]
[Site "Saint Louis"]
[Date "2024.10.23"]
[Round "10.5"]
[White "Paikidze, Nazi"]
[Black "Yu, Jennifer"]
[Result "1/2-1/2"]
[ECO "D02"]
[WhiteElo "2314"]
[BlackElo "2267"]
[Annotator "RC"]
[PlyCount "98"]
[EventDate "2024.10.09"]
[EventType "tourn"]
[EventCountry "USA"]
[SourceTitle "playchess.com"]
[Source "ChessBase"]
[SourceQuality "1"]
[TimeControl "40/5400+30:1800+30"]

1. Nf3 d5 2. g3 g6 3. Bg2 Bg7 4. d4 Nf6 5. O-O O-O 6. a4 c6 7. a5 Ne4 8. c4 dxc4 9. Qc2 Nd6 10. Nc3 Na6 11. Bf4 Be6 12. e4 Nb5 13. Nxb5 cxb5 14. d5 Bd7 15. Bd2 e5 16. dxe6 Bxe6 17. Bc3 Qe7 18. Bxg7 Kxg7 19. Nd4 Bd7 20. Qc3 Kg8 21. h4 Nc5 22. h5 Rfe8 23. h6 Qf8 24. Qe3 Nd3 25. a6 bxa6 26. Rxa6 Ne5 27. Rfa1 Ng4 28. Qf4 Qxh6 29. Qxh6 Nxh6 30. Rd6 Re7 31. e5 Rae8 32. Rxa7 Bf5 33. Rxe7 Rxe7 34. Nc6 Re8 35. Rd5 Bd3 36. Nb4 Ng4 37. Nxd3 cxd3 38. Rxd3 Rxe5 39. Bf3 h5 40. Rd4 Nf6 41. b4 Kf8 42. Bc6 Ke7 43. f4 Rf5 44. Kg2 g5 45. Kh3 Ke6 46. Bb7 Ke7 47. Bc6 Ke6 48. Bb7 Ke7 49. Bc6 Ke6 1/2-1/2

[Event "USA-ch Women 2024"]
[Site "Saint Louis"]
[Date "2024.10.23"]
[Round "10.6"]
[White "Pourkashiyan, Atousa"]
[Black "Atwell, Rose"]
[Result "0-1"]
[ECO "D00"]
[WhiteElo "2269"]
[BlackElo "2185"]
[Annotator "RC"]
[PlyCount "72"]
[EventDate "2024.10.09"]
[EventType "tourn"]
[EventCountry "USA"]
[SourceTitle "playchess.com"]
[Source "ChessBase"]
[SourceQuality "1"]
[TimeControl "40/5400+30:1800+30"]

1. d4 d5 2. Nc3 Nf6 3. Bf4 a6 4. e3 e6 5. Nf3 Bd6 6. Ne5 c5 7. dxc5 Bxc5 8. Bd3 Nc6 9. O-O Nxe5 10. Bxe5 Bd6 11. f4 O-O 12. Bd4 Re8 13. Bxf6 Qxf6 14. Kh1 Qh6 15. Qf3 Bd7 16. e4 d4 17. Ne2 e5 18. f5 Rac8 19. Ng3 Be7 20. Nh5 Bg5 21. Qe2 Rc6 22. a4 g6 23. Ng3 Bf4 24. Rf3 gxf5 25. h3 Bxg3 26. Rxg3+ Rg6 27. Rxg6+ hxg6 28. Rf1 f4 29. Bc4 Kg7 30. Qd3 g5 31. Kg1 g4 32. hxg4 Bxg4 33. Qa3 f3 34. gxf3 Rh8 35. Kf2 Qd2+ 36. Be2 Rh2+ 0-1